 Dungeon Crawl Stone Soup version 0.21.1-1-g345015f (webtiles) character file.

13781 Hylith the Severer (level 12, -8/106 HPs)
             Began as a Hill Orc Fighter on Apr 15, 2018.
             Was a High Priest of Okawaru.
             Killed from afar by an orc sorcerer (45 damage)
             ... with a bolt of fire
             ... on level 2 of the Orcish Mines.
             The game lasted 00:48:40 (15758 turns).

Hylith the Severer (Hill Orc Fighter)              Turns: 15758, Time: 00:48:40

Health: -8/106     AC: 10    Str: 23    XL:     12   Next: 9%
Magic:  7/12       EV:  8    Int:  8    God:    Okawaru [*****.]
Gold:   997        SH:  3    Dex: 11    Spells: 11/11 levels left

rFire    . . .     SeeInvis .   F - +0 battleaxe
rCold    + . .     Gourm    .   (shield currently unavailable)
rNeg     . . .     Faith    .   O - +0 plate armour
rPois    .         Spirit   .   I - +1 helmet
rElec    .         Reflect  +   (no cloak)
rCorr    .         Harm     .   C - +2 pair of gloves
MR       +....                  p - +1 pair of boots
Stlth    ..........             h - +3 amulet of reflection
HPRegen  0.27/turn              N - ring of protection from magic
MPRegen  0.13/turn              H - ring of protection from cold

@: corroded, very slightly contaminated
A: no striking features
a: Heroism, Finesse, Renounce Religion


You were on level 2 of the Orcish Mines.
You worshipped Okawaru.
Okawaru was extremely pleased with you.
You were not hungry.

You visited 3 branches of the dungeon, and saw 13 of its levels.

You collected 1152 gold pieces.
You spent 155 gold pieces at shops.

Inventory:

Hand Weapons
 a - a +1 war axe
 x - a +0 war axe of flaming
 F - a +0 battleaxe (weapon)
 L - a +0 long sword of venom
 M - a +2 trident of freezing
 P - a +1 great sword of freezing
Armour
 p - a +1 pair of boots (worn)
 B - the +3 leather armour of Yfabausu {rC+}
   (You found it on level 5 of the Dungeon)

   It protects you from cold.
 C - a +2 pair of gloves (worn)
 I - a +1 helmet (worn)
 O - a +0 plate armour (worn)
Jewellery
 h - a +3 amulet of reflection (around neck)
 H - a ring of protection from cold (right hand)
 N - a ring of protection from magic (left hand)
Wands
 q - a wand of enslavement (18)
 u - a wand of iceblast (10)
 y - a wand of disintegration (18)
Scrolls
 i - a scroll of enchant armour
 j - 2 scrolls of enchant weapon
 k - 7 scrolls of remove curse
 s - 2 scrolls of magic mapping
 D - 2 scrolls of fog
 G - a scroll of random uselessness {unknown}
 J - 3 scrolls of identify
Potions
 b - a potion of degeneration {unknown}
 d - a potion of might
 e - 2 potions of resistance {unknown}
 g - 3 potions of curing
 m - 2 potions of haste {unknown}
 o - 4 potions of agility
 r - 2 potions of magic {unknown}
 t - 3 potions of berserk rage {unknown}
 w - 2 potions of flight {unknown}
 A - a potion of ambrosia {unknown}
 E - 3 potions of mutation {unknown}
Comestibles
 f - 18 rations


   Skills:
 * Level 10.0 Fighting
 - Level 16.0 Axes
 * Level 8.5 Armour
 * Level 2.7 Dodging
 + Level 2.3 Stealth
   Level 9.7 Shields


You had 11 spell levels left.
You didn't know any spells.

Dungeon Overview and Level Annotations

Branches:
Dungeon (10/15)            Temple (1/1) D:7            Lair (0/6) D:10
    Orc (2/2) D:9             Elf (0/3) Orc:2

Altars:
Ashenzari
Dithmenos
Fedhas
Gozag
Hepliaklqana
Kikubaaqudgha
Makhleb
Okawaru
Qazlal
Ru
Trog
Uskayaw
Wu Jian
Xom
Yredelemnul
The Shining One
Beogh

Shops:
D:5 %   D:8 :   Orc:1 %   Orc:2 *!:*[((!

Portals:
Trove: D:10 (give 9 potions of agility)


Message History

The orc barely misses you.
The orc warrior hits you but does no damage.
An orc sorcerer comes into view. It is wielding a dagger.
The orc hits you but does no damage.
The orc sorcerer mumbles some strange words.
The orc sorcerer shimmers violently.
The orc high priest prays to Beogh.
You block the orc's attack.
The orc sorcerer mumbles some strange words.
The orc sorcerer's hands start to glow.
The orc sorcerer mumbles some strange words.
The orc hits you with a flail.
The red devil hits you from afar with an antimagic trident!
You feel your power leaking away. The orc barely misses you.
Found Cuamiom's Antique Armour Boutique and Mas Rumu's Antique Weapon Boutique.
You block the orc's attack. You block the red devil's attack.
The orc sorcerer gestures at you while chanting.
The bolt of fire hits you!
You die...

# ##..###...#
#### ##.## #####
#### # ### #§.o##
#..∩# ..
##o§o###..∩# ...
##§§o#...# ....
..###4o.###.....
......oo.........
........o@.......
###...4.....###..
#.........# #
#.........# #
#....⌠....# #
#.........#
#.........# ####
#.........# ##.#.
# #....


You could see an orc sorcerer, 2 red devils, 2 orc warriors and 3 orcs.

Vanquished Creatures
  The ghost of ChickenMitten the Cleaver, a journeyman FoFi of Gozag (Orc:1)
  2 two-headed ogres (D:8)
  An orc high priest (Orc:1)
  Nergalle (D:10)
  4 orc knights
  An orc sorcerer (Orc:2)
  A hippogriff (D:7)
  Sigmund (D:4)
  6 yaks (D:9)
  A wyvern (D:10)
  Eustachio (D:4)
  A warg (D:9)
  3 ice beasts
  A black bear (D:9)
  20 orc warriors
  3 sky beasts
  4 ogres
  2 eyes of draining (D:3)
  2 centaurs
  A big kobold (D:5)
  4 bullfrogs
  A wyvern skeleton (D:10)
  8 killer bees
  5 wights (D:10)
  A howler monkey (D:8)
  2 crimson imps
  A bullfrog zombie (D:8)
  5 hounds
  A centaur skeleton (D:5)
  17 orc priests
  5 jellies
  A bullfrog skeleton (D:9)
  4 iguanas
  Jessica (D:3)
  Ijyb (D:3)
  23 orc wizards
  5 worker ants
  2 killer bee zombies
  A hound zombie (D:10)
  Robin (D:4)
  11 gnolls
  A howler monkey skeleton (D:4)
  13 adders
  13 river rats
  2 shadow imps
  6 oozes
  2 adder skeletons
  An adder zombie (D:6)
  6 worms
  7 dart slugs
  3 leopard geckos
  60 orcs
  4 bats
  5 giant cockroaches
  20 goblins
  13 hobgoblins
  10 jackals
  8 kobolds
  8 quokkas
  A ball python (D:5)
  5 frilled lizards
  A jackal zombie (D:3)
  A leopard gecko skeleton (D:9)
  3 quokka skeletons
  32 rats
  2 bushes (D:9)
  3 fungi (D:9)
387 creatures vanquished.

Vanquished Creatures (others)
  2 centaurs
2 creatures vanquished.

Grand Total: 389 creatures vanquished

Notes
Turn   | Place    | Note
-------+----------+-------------------------------------------
     0 | D:1      | Hylith the Hill Orc Fighter began the quest for the Orb.
     0 | D:1      | Reached XP level 1. HP: 19/19 MP: 1/1
   163 | D:1      | Reached XP level 2. HP: 27/27 MP: 2/2
   297 | D:1      | Reached skill level 3 in Axes
   388 | D:1      | Reached XP level 3. HP: 33/33 MP: 3/3
   875 | D:2      | Reached skill level 4 in Axes
   875 | D:2      | Reached XP level 4. HP: 21/40 MP: 4/4
  1520 | D:3      | Reached XP level 5. HP: 36/46 MP: 5/5
  1541 | D:3      | Reached skill level 5 in Axes
  1609 | D:3      | Found a bloodstained altar of Trog.
  1609 | D:3      | Noticed an eye of draining
  1609 | D:3      | Noticed an eye of draining
  1724 | D:3      | Noticed Jessica
  1729 | D:3      | Killed Jessica
  1903 | D:3      | Noticed Ijyb
  1912 | D:3      | Killed Ijyb
  2088 | D:3      | Killed an eye of draining
  2088 | D:3      | Reached skill level 6 in Axes
  2088 | D:3      | Reached XP level 6. HP: 52/52 MP: 0/6
  2105 | D:3      | Killed an eye of draining
  2206 | D:3      | Reached skill level 7 in Axes
  3068 | D:3      | Reached XP level 7. HP: 60/60 MP: 7/7
  3074 | D:3      | Found a glowing golden altar of the Shining One.
  3357 | D:4      | Reached skill level 5 in Shields
  3370 | D:4      | Noticed Robin
  3407 | D:4      | Killed Robin
  3679 | D:4      | Noticed Eustachio
  3878 | D:4      | Found an ornate altar of the Wu Jian Council.
  3910 | D:4      | Noticed Sigmund
  3951 | D:4      | Killed Sigmund
  4179 | D:4      | Killed Eustachio
  4179 | D:4      | Reached skill level 5 in Fighting
  4179 | D:4      | Reached skill level 8 in Axes
  4528 | D:5      | Entered Level 5 of the Dungeon
  4597 | D:5      | Reached XP level 8. HP: 68/68 MP: 8/8
  4731 | D:5      | Found Mutawee Xidu's Food Shop.
  4858 | D:5      | Reached skill level 9 in Axes
  4942 | D:5      | Reached skill level 5 in Armour
  4964 | D:5      | Got a slimy leather armour
  5020 | D:5      | Identified the +3 leather armour of Yfabausu {rC+} (You found it on level 5 of the Dungeon)
  5276 | D:5      | Reached skill level 1 in Stealth
  5408 | D:5      | Reached skill level 1 in Dodging
  5519 | D:6      | Found a sand-covered staircase.
  5764 | D:6      | Reached XP level 9. HP: 33/75 MP: 9/9
  5990 | D:6      | Reached skill level 10 in Axes
  6707 | D:7      | Found an opulent altar of Gozag.
  6781 | D:7      | Found a shattered altar of Ashenzari.
  6901 | D:7      | Found a staircase to the Ecumenical Temple.
  6907 | Temple   | Entered the Ecumenical Temple
  6918 | Temple   | Became a worshipper of Warmaster Okawaru
  7106 | D:8      | Found Zuco Huic's Book Shop.
  7121 | D:8      | Noticed a two-headed ogre
  7570 | D:8      | Killed a two-headed ogre
  7570 | D:8      | Reached skill level 11 in Axes
  7828 | D:8      | Noticed a two-headed ogre
  8068 | D:8      | Reached * piety under Okawaru
  8109 | D:8      | Found a burning altar of Makhleb.
  8206 | D:8      | Reached XP level 10. HP: 85/86 MP: 10/10
  8416 | D:8      | Killed a two-headed ogre
  8416 | D:8      | Reached skill level 12 in Axes
  8859 | D:9      | Reached ** piety under Okawaru
  9487 | D:9      | Found a stormy altar of Qazlal.
  9489 | D:9      | Found a blossoming altar of Fedhas.
  9505 | D:9      | Found a sacrificial altar of Ru.
  9540 | D:9      | Reached skill level 13 in Axes
 10130 | D:9      | Found a roughly hewn altar of Beogh.
 10135 | D:9      | Found a staircase to the Orcish Mines.
 10162 | D:9      | Reached *** piety under Okawaru
 10689 | Orc:1    | Entered Level 1 of the Orcish Mines
 10700 | Orc:1    | Noticed an orc knight
 10947 | D:9      | Killed an orc knight
 10947 | D:9      | Reached skill level 14 in Axes
 10947 | D:9      | Reached XP level 11. HP: 27/94 MP: 11/11
 11317 | Orc:1    | Noticed an orc high priest
 11333 | Orc:1    | Noticed a sixfirhy
 11333 | Orc:1    | Noticed a soul eater
 11611 | Orc:1    | Noticed a sun demon
 11934 | Orc:1    | Noticed a sun demon
 11939 | Orc:1    | Killed an orc high priest
 11942 | Orc:1    | Noticed ChickenMitten's ghost (journeyman FoFi)
 12205 | D:10     | Entered Level 10 of the Dungeon
 12205 | D:10     | Noticed Nergalle
 12215 | D:10     | Killed Nergalle
 12215 | D:10     | Received a gift from Okawaru
 12312 | D:10     | Found a portal to a secret trove of treasure.
 12533 | D:10     | Found a staircase to the Lair.
 12588 | D:10     | Reached **** piety under Okawaru
 13024 | Orc:1    | Killed ChickenMitten's ghost
 13243 | Orc:2    | Entered Level 2 of the Orcish Mines
 13243 | Orc:2    | Found Zonown's Distillery.
 13285 | Orc:2    | Found Zeath's Antique Weapon Boutique.
 13305 | Orc:2    | Found a staircase to the Elven Halls.
 13329 | Orc:2    | Reached skill level 15 in Axes
 13349 | Orc:2    | Found Niulishru's Distillery.
 13500 | Orc:2    | Found Sahil's Assorted Antiques.
 13510 | Orc:2    | Bought a granite ring for 155 gold pieces
 13723 | Orc:2    | Noticed an orc high priest
 13723 | Orc:2    | Noticed an orc sorcerer
 13727 | Orc:2    | Noticed an orc high priest
 13730 | Orc:2    | Noticed a soul eater
 13841 | Orc:2    | Noticed an orc sorcerer
 13841 | Orc:2    | Noticed an orc knight
 13904 | Orc:2    | Killed an orc knight
 14225 | Orc:2    | Reached ***** piety under Okawaru
 14400 | Orc:2    | Killed an orc sorcerer
 14562 | Orc:2    | Noticed an orc knight
 14850 | Orc:1    | Found a burning altar of Makhleb.
 14862 | Orc:1    | Found Muox's Food Shop.
 14927 | Orc:2    | Killed an orc knight
 14927 | Orc:2    | Reached XP level 12. HP: 40/106 MP: 12/12
 15635 | Orc:2    | Reached skill level 10 in Fighting
 15635 | Orc:2    | Reached skill level 16 in Axes
 15729 | Orc:2    | Noticed an orc high priest
 15736 | Orc:2    | Found Miuret's General Store.
 15736 | Orc:2    | Found Hoekh's Book Shop.
 15744 | Orc:2    | Noticed an orc high priest
 15756 | Orc:2    | Found Cuamiom's Antique Armour Boutique.
 15756 | Orc:2    | Found Mas Rumu's Antique Weapon Boutique.
 15758 | Orc:2    | Killed from afar by an orc sorcerer

Skill      XL: |  1  2  3  4  5  6  7  8  9 10 11 12 |
---------------+-------------------------------------+-----
Axes           | 3 4 6 7 8 9 11 14 15 16 | 16.0
Shields        | 4 5 7 8 9 |  9.7
Armour         | 4 5 6 7 8 |  8.5
Fighting       | 4 5 7 8 9 10 | 10.0
Stealth        | 1 2 |  2.3
Dodging        | 1 2 |  2.7

Action                   |  1- 3 |  4- 6 |  7- 9 | 10-12 || total
-------------------------+-------+-------+-------+-------++-------
Melee: War axe           |    83 |   238 |   513 |   644 ||  1478
       Long sword        |       |       |       |     6 ||     6
       Battleaxe         |       |       |       |   150 ||   150
  Use: Scroll            |       |       |    12 |    15 ||    27
       Potion            |       |       |       |     3 ||     3
  Eat: Chunk             |       |     2 |     6 |       ||     8
       Ration            |       |     2 |     3 |     8 ||    13
Armor: Scale mail        |    29 |    64 |    73 |       ||   166
       Leather armour    |       |       |    70 |    39 ||   109
       Plate armour      |       |       |       |   203 ||   203
Dodge: Dodged            |    17 |    45 |   136 |   127 ||   325
Block: Shield            |    55 |   119 |   315 |   357 ||   846
       Reflection        |       |     5 |     4 |     5 ||    14
       Other             |       |       |       |    19 ||    19
